 Dungeon Crawl Stone Soup version 0.31-a0-408-gb642c7f9a3 (webtiles) character file.

Game seed: 3111937670843147300

25 Gelion the Changeling (level 3, 0/23 HPs)
             Began as an Octopode Shapeshifter on July 29, 2023.
             Constricted to death by a ball python (1 damage)
             ... on level 2 of the Dungeon.
             The game lasted 00:01:38 (1046 turns).

Gelion the Changeling (Octopode Shapeshifter)       Turns: 1046, Time: 00:01:39

Health: 0/23       AC:  1    Str: 14    XL:     3   Next: 6%
Magic:  3/3        EV: 10    Int: 10    God:
Gold:   33         SH:  0    Dex: 14    Spells: 2/2 levels left

rFire   . . .        e - +0 dagger
rCold   . . .        (no shield)
rNeg    . . .        (helmet currently unavailable)
rPois   .            j - amulet of magic regeneration
rElec   .            (no ring)
rCorr   .            (no ring)
SInv    .            (no ring)
Will    .....        (no ring)
Stlth   ++           (no ring)
HPRegen 0.23/turn    (no ring)
MPRegen 0.48/turn    (no ring)
                     (no ring)

%: no passive effects
@: beast-form, constricted
A: beast (slay +2), almost no armour, amphibious, 8 rings, camouflage 1,
gelatinous body 1, (nimble swimmer 1), tentacles
a: Begin Untransformation


You were on level 2 of the Dungeon.
You were a hulking beast.
You visited 1 branch of the dungeon, and saw 2 of its levels.

You collected 33 gold pieces.

Inventory:

Hand Weapons
 e - a +0 dagger (weapon)
Jewellery
 j - an amulet of magic regeneration (around mantle)
Talismans
 b - a beast talisman
Scrolls
 c - 2 scrolls of poison
 d - a scroll of enchant armour {unknown}
 f - 5 scrolls of identify {unknown}
 g - 3 scrolls of noise {unknown}
 h - a scroll of revelation {unknown}
 i - a scroll of teleportation {unknown}
 k - a scroll of amnesia {unknown}
Potions
 a - a potion of lignification
 l - 2 potions of cancellation {unknown}
 m - a potion of haste {unknown}


   Skills:
 + Level 1.6 Fighting
 - Level 2.0 Dodging
 + Level 3.2 Unarmed Combat
 * Level 3.4 Shapeshifting


You had 2 spell levels left.
You didn't know any spells.
Your spell library was empty.

Dungeon Overview and Level Annotations

Branches:
Dungeon (2/15)

Altars:


Innate Abilities, Weirdness & Mutations

You are a hulking beast.
Your limbs bulge with bestial killing power. (Slay +2)
You cannot wear most types of armour.
You are amphibious.
You can wear up to eight rings at the same time.
Your skin changes colour to match your surroundings (Stealth+).
Your rubbery body absorbs attacks. (AC +1, EV +1)
((You are camouflaged when in or above water. (Stealth+)))
You have tentacles for arms and can constrict up to eight enemies at once.


Message History

Your grab misses the bat. The bat closely misses you.
A gnoll comes into view. It is wielding a +0 flail.
Found a helmet.
The bat completely misses you. The bat closely misses you.
The gnoll shouts!
You hit the bat. Your grab misses the bat.
The bat is moderately wounded.
The bat hits you.
The gnoll hits you from afar with a +0 halberd.
The bat hits you but does no damage.
The gnoll hits you from afar with a +0 halberd!
Ouch! That really hurt!
* * * LOW HITPOINT WARNING * * *
The bat attacks as you move away! The bat barely misses you.
The bat closely misses you. The bat hits you.
* * * LOW HITPOINT WARNING * * *
The bat misses you. The bat barely misses you.
The bat attacks as you move away! The bat hits you but does no damage.
The bat misses you.
A ball python comes into view.
The bat barely misses you. The bat hits you.
* * * LOW HITPOINT WARNING * * *
The bat closely misses you.
The ball python hisses angrily.
The bat hits you.
* * * LOW HITPOINT WARNING * * *
The bat barely misses you. The ball python completely misses you.
The ball python grabs you. The ball python constricts you.
The bat closely misses you.
You escape the ball python's grasp.
The bat hits you but does no damage. The bat hits you but does no damage.
The bat barely misses you.
There is a stone staircase leading up here.
The ball python bites you.
* * * LOW HITPOINT WARNING * * *
The ball python grabs you.
You stop ascending the stairs.
The ball python constricts you.
You die...

#..........# #.# ##..
#..........# #.# ...
####..........# #.#..#
...'..........# ##.#..#
...#..........##### #....#
##)#..........#...#######..#.#
##.######'###.'..............#
.#.######.###.#....####..#.......
..............#†h#.#....g#.......
##.######.##....S#.#.#.#.#.......
..# #.###.b........#g#.#....[ ###
#.# #.####g##.##.#.#.####
#.....#...g..>##.#.#.#
#............g...#.#.#
#.#####.########## #.# #. #


You could see 2 gnolls, a bat and a ball python.

Vanquished Creatures
  2 dart slugs (D:1)
  2 ball pythons
  A bat (D:1)
  An endoplasm (D:1)
  2 giant cockroaches
  3 goblins (D:1)
  3 hobgoblins
  A quokka (D:1)
  A frilled lizard (D:2)
  2 rats
18 creatures vanquished.

Notes
Turn   | Place    | Note
-------+----------+-------------------------------------------
     0 | D:1      | Gelion the Octopode Shapeshifter began the quest for the
                  | Orb.
     0 | D:1      | Reached XP level 1. HP: 13/13 MP: 1/1
   178 | D:1      | Reached XP level 2. HP: 18/18 MP: 2/2
   970 | D:2      | Reached XP level 3. HP: 21/23 MP: 3/3
  1046 | D:2      | HP: 1/23 [ball python (2)]
  1046 | D:2      | Constricted to death by a ball python

Illustrated notes

Levels and vault maps discovered:
D:1:      reono_arrival_forest_river, layout_loops_corners
D:2:      layout_basic, basic_altar

Action                     || total
---------------------------++-------
  Melee: Dagger            ||    29
         Constrict         ||    10
         Unarmed           ||     2
         Tentacles         ||     4
         Punch             ||     1
    Use: Scroll            ||     1
   Stab: Sleeping          ||     4
 Armour: Skin              ||     4
  Dodge: Dodged            ||    24

Table legend: (Time is in decaauts)
 A = Elapsed time spent in this place.
 B = Non-inter-level travel time spent in this place.
 C = Inter-level travel time spent in this place.
 D = Time resting spent in this place.
 E = Time spent auto-exploring this place.
 F = Levels seen in this place.
 G = Mean time per level.
                   A        B        C        D        E       F      G
               +--------+--------+--------+--------+--------+-----+--------+
         Total |   1045 |   1013 |     32 |      0 |    850 |   2 |  522.5 |
       Dungeon |   1045 |   1013 |     32 |      0 |    850 |   2 |  522.5 |
               +--------+--------+--------+--------+--------+-----+--------+

Top non-repeatable levels by time:
     D:1: 872 daAuts
     D:2: 172 daAuts
